 Dungeon Crawl Stone Soup version 0.28-a0-938-gbc3f381ebc (webtiles) character file.

Game seed: 15913395397760138183

3115 gruber the Covert (level 10, -3/84 HPs)
             Began as a Kobold Berserker on Nov 28, 2021.
             Was a Priest of Trog.
             Succumbed to a killer bee's poison
             ... on level 8 of the Dungeon.
             The game lasted 00:09:05 (8366 turns).

gruber the Covert (Kobold Berserker)                Turns: 8366, Time: 00:09:06

Health: -3/84      AC:  5    Str: 14    XL:     10   Next: 14%
Magic:  4/10       EV: 21    Int:  9    God:    Trog [***...]
Gold:   385        SH:  0    Dex: 18    Spells: 9/9 levels left

rFire   . . .      SeeInvis .   h - +0 dagger (venom)
rCold   . . .      Faith    .   (shield restricted)
rNeg    . . .      Spirit   +   b - +0 animal skin
rPois   .          Reflect  .   d - +0 helmet
rElec   .          Harm     .   x - +0 cloak
rCorr   .          Rampage  .   (no gloves)
Will    .....                   s - +0 pair of boots
Stlth   ..........              l - amulet of guardian spirit
HPRegen 0.24/turn               (no ring)
MPRegen 0.12/turn               (no ring)

@: berserking, lethally poisoned (-3 -> -25), very quick
A: small, no large weapons, nightstalker 3
a: Renounce Religion, Berserk, Trog's Hand


You were on level 8 of the Dungeon.
You worshipped Trog.
Trog was most pleased with you.
You visited 1 branch of the dungeon, and saw 8 of its levels.

You collected 385 gold pieces.

Inventory:

Hand Weapons
 a - a +0 short sword
 h - a +0 dagger of venom (weapon)
Missiles
 r - 3 throwing nets
 v - 17 poisoned darts (quivered)
Armour
 b - a +0 animal skin (worn)
 d - a +0 helmet (worn)
 s - a +0 pair of boots (worn)
 x - a +0 cloak (worn)
Jewellery
 l - an amulet of guardian spirit (around neck)
Wands
 j - a wand of flame (42)
 u - a wand of iceblast (9)
Scrolls
 e - a scroll of enchant armour {unknown}
 f - 5 scrolls of amnesia {unknown}
 g - 2 scrolls of teleportation {unknown}
 i - 2 scrolls of enchant weapon {unknown}
 m - 2 scrolls of identify {unknown}
 o - 3 scrolls of noise {unknown}
 t - a scroll of fear {unknown}
Potions
 c - 2 potions of haste {unknown}
 k - 3 potions of curing {unknown}
 n - a potion of attraction {unknown}
 p - 2 potions of mutation {unknown}
 q - a potion of degeneration {unknown}
 w - a potion of ambrosia {unknown}
 z - a potion of invisibility {unknown}


   Skills:
 - Level 3.2 Fighting
 * Level 9.5 Short Blades
 - Level 1.5 Armour
 - Level 10.0 Dodging
 - Level 12.0 Stealth


You had 9 spell levels left.
You didn't know any spells.
Your spell library was empty.

Dungeon Overview and Level Annotations

Branches:
Dungeon (8/15)             Temple (0/1) D:4
   Lair: D:8-11

Altars:
Sif Muna
Trog
Wu Jian
Zin

Shops:
D:2 [   D:4 *   D:5 (*   D:6 =


Innate Abilities, Weirdness & Mutations

You are small and have problems with some larger weapons.
You are completely attuned to the shadows.


Message History

The killer bee closely misses you.
A troll comes into view.
You hit the killer bee.
The killer bee is poisoned.
The killer bee is moderately wounded.
* * * LOW HITPOINT WARNING * * *
You feel very sick. The killer bee misses you.
The killer bee completely misses you.
You completely miss the killer bee.
The killer bee is moderately wounded.
* * * LOW HITPOINT WARNING * * *
You feel very sick.
The killer bee stings you but does no damage.
The killer bee completely misses you.
You puncture the killer bee!
The killer bee looks as sick as possible!
The killer bee is almost dead.
* * * LOW HITPOINT WARNING * * *
You feel very sick.
The killer bee stings you but does no damage.
The killer bee misses you.
You puncture the killer bee!
You kill the killer bee!
Trog accepts your kill.
* * * LOW HITPOINT WARNING * * *
You feel sick. The killer bee completely misses you.
You puncture the troll!
The troll looks as sick as possible!
The troll is moderately wounded.
* * * LOW HITPOINT WARNING * * *
You feel sick.
You closely miss the troll.
The troll is moderately wounded.
* * * LOW HITPOINT WARNING * * *
You feel sick. The killer bee stings you.
* * * LOW HITPOINT WARNING * * *
You closely miss the troll.
The troll is moderately wounded.
* * * LOW HITPOINT WARNING * * *
You feel sick.
Unknown command.
You die...

#.. #.. ## #..
#.####### #. #.>
#.#........
#....#..
...T.@...##
#.#..#..
...y†#.....
........
#.####.#...
.....#.# #
#....#.##
#.......
#..#.....
####.#+#
##.#.#.##
........ #.#.#.#
#####... #.#.# .
.......
#.##############.


You could see a troll (extremely poisoned) and a killer bee.

Vanquished Creatures
  Grinder (D:4)
  Edmund (D:5)
  3 water moccasins
  A sky beast (D:5)
  An orc warrior (D:8)
  A black bear (D:4)
  2 ogres
  A centaur (D:5)
  3 bullfrogs
  5 scorpions
  A wyvern zombie (D:6)
  16 killer bees
  A howler monkey (D:6)
  A centaur zombie (D:6)
  A hound (D:7)
  5 jellies
  A centaur skeleton (D:6)
  2 gnoll shamans (D:7)
  An orc priest (D:4)
  4 iguanas
  A howler monkey skeleton (D:7)
  6 adders
  7 gnolls (D:7)
  A shadow imp (D:6)
  2 ufetubi
  2 worms
  2 dart slugs
  13 orcs
  5 ball pythons
  13 endoplasms
  3 giant cockroaches
  7 goblins
  3 hobgoblins
  2 jackals (D:1)
  2 quokkas (D:2)
  3 training dummies (D:5)
  2 bats (D:1)
  4 frilled lizards
  14 kobolds
  5 rats
149 creatures vanquished.

Vanquished Creatures (others)
  A fungus (D:2)
  A plant (D:7)
  5 toadstools (D:2)
7 creatures vanquished.

Grand Total: 156 creatures vanquished

Notes
Turn   | Place    | Note
-------+----------+-------------------------------------------
     0 | D:1      | gruber the Kobold Berserker began the quest for the Orb.
     0 | D:1      | Reached XP level 1. HP: 14/14 MP: 1/1
   313 | D:1      | Reached XP level 2. HP: 19/19 MP: 2/2
   380 | D:1      | Reached skill level 5 in Short Blades
   562 | D:1      | Reached XP level 3. HP: 14/23 MP: 3/3
   869 | D:2      | Found Nuxzaeru's Antique Armour Emporium.
  1212 | D:2      | Reached XP level 4. HP: 15/28 MP: 4/4
  1224 | D:2      | HP: 1/28 [frozen (5)]
  1838 | D:2      | Reached XP level 5. HP: 32/32 MP: 5/5
  2560 | D:3      | Reached ** piety under Trog
  2645 | D:3      | Found a faded altar of an unknown god.
  2977 | D:3      | Found an ornate altar of the Wu Jian Council.
  2982 | D:3      | Found a faded altar of an unknown god.
  2984 | D:3      | Found a glowing silver altar of Zin.
  2985 | D:3      | Found a bloodstained altar of Trog.
  2990 | D:3      | Found a shimmering blue altar of Sif Muna.
  3048 | D:3      | Reached skill level 1 in Stealth
  3052 | D:3      | Reached XP level 6. HP: 35/37 MP: 6/6
  3087 | D:3      | Reached skill level 2 in Stealth
  3583 | D:4      | Noticed a black bear
  3600 | D:4      | Killed a black bear
  3601 | D:4      | Reached skill level 4 in Stealth
  3605 | D:4      | Reached skill level 5 in Stealth
  3605 | D:4      | Reached XP level 7. HP: 21/41 MP: 3/7
  4033 | D:4      | Found Mofotujett's Gadget Gallery.
  4033 | D:4      | Found a staircase to the Ecumenical Temple.
  4079 | D:4      | Noticed Grinder
  4088 | D:4      | Killed Grinder
  4089 | D:4      | Reached skill level 7 in Stealth
  4240 | D:4      | Reached skill level 8 in Stealth
  4506 | D:5      | Entered Level 5 of the Dungeon
  4627 | D:5      | Reached skill level 9 in Stealth
  4627 | D:5      | Reached XP level 8. HP: 46/46 MP: 8/8
  4687 | D:5      | Found Haarof's Firing Range.
  4705 | D:5      | Noticed Edmund
  4709 | D:5      | Killed Edmund
  4710 | D:5      | Reached skill level 10 in Stealth
  4778 | D:5      | Reached skill level 11 in Stealth
  4903 | D:5      | Found Moaczops's Assorted Antiques.
  5445 | D:6      | Reached skill level 12 in Stealth
  5767 | D:6      | Reached XP level 9. HP: 51/51 MP: 7/9
  5983 | D:6      | Found Muass's Jewellery Emporium.
  6081 | D:6      | Identified the +9 spear of Vaazudel {drain, rN+}
  6135 | D:6      | Reached skill level 5 in Dodging
  7720 | D:7      | Reached skill level 10 in Dodging
  7720 | D:7      | Reached XP level 10. HP: 50/56 MP: 8/10
  8191 | D:8      | Reached *** piety under Trog
  8364 | D:8      | HP: 4/84 [poisoned by a killer bee]
  8365 | D:8      | HP: 1/84 [poisoned by a killer bee]
  8366 | D:8      | Succumbed to a killer bee's poison

Illustrated notes

Levels and vault maps discovered:
D:1:      saegor_arrival_miasma, layout_basic
D:2:      cheibrodos_fertilizer, layout_basic, serial_shops, shop,
          kennysheep_small_spiral, serial_bayou_pond_d
D:3:      layout_basic, chequers_temple_overflow_minitemple,
          hellmonk_ecumenical_altar_run_dry,
          nicolae_concentric_dashed_squares_mild
D:4:      layout_basic, minmay_temple_entry_statues_pillars,
          nicolae_shop_gadgets, uniq_grinder
D:5:      layout_rooms, serial_shops, kennysheep_mini_moat,
          hangedman_decor_diamond_cutter, amcnicky_mini_pool_small,
          serial_park_tiny_1, grunt_ministairs_13, hex_intersection,
          corexii_shack, nicolae_shop_firing_range, uniq_edmund
D:6:      layout_rooms, serial_shops, shop, kennysheep_generic_room_14
D:7:      cheibrodos_two_vegetables, layout_basic
D:8:      minmay_bloctagon_deflated, layout_basic, lair_entry_dummy, uniq_joseph

Skill      XL: |  1  2  3  4  5  6  7  8  9 10 |
---------------+-------------------------------+-----
Short Blades   | 5 6 7 8 9 |  9.5
Stealth        | 1 5 9 12 | 12.0
Dodging        | 4 10 | 10.0
Fighting       | |  3.2
Armour         | |  1.5

Action                   |  1- 3 |  4- 6 |  7- 9 | 10-12 || total
-------------------------+-------+-------+-------+-------++-------
Melee: Short sword       |    68 |       |     9 |       ||    77
       Dagger            |    11 |   126 |   275 |    25 ||   437
Throw: Dart              |       |       |     1 |       ||     1
Invok: Berserk           |     2 |     3 |     6 |     1 ||    12
 Stab: Sleeping          |    14 |     7 |    26 |     5 ||    52
       Distracted        |       |     2 |       |       ||     2
Armor: Animal skin       |     8 |     9 |    29 |     3 ||    49
Dodge: Dodged            |    34 |    57 |   144 |    29 ||   264

Table legend: (Time is in decaauts)
 A = Elapsed time spent in this place.
 B = Non-inter-level travel time spent in this place.
 C = Inter-level travel time spent in this place.
 D = Time resting spent in this place.
 E = Time spent auto-exploring this place.
 F = Levels seen in this place.
 G = Mean time per level.
                   A        B        C        D        E       F      G
               +--------+--------+--------+--------+--------+-----+--------+
         Total |   8309 |   7945 |    364 |    639 |   6360 |   8 | 1038.6 |
       Dungeon |   8309 |   7945 |    364 |    639 |   6360 |   8 | 1038.6 |
               +--------+--------+--------+--------+--------+-----+--------+

Top non-repeatable levels by time:
     D:2: 1597 daAuts
     D:7: 1478 daAuts
     D:6: 1278 daAuts
     D:4: 1134 daAuts
     D:3: 904 daAuts
     D:5: 889 daAuts
     D:1: 861 daAuts
     D:8: 164 daAuts
